 Dungeon Crawl Stone Soup version 0.23.0-3-gf3c87f2 (webtiles) character file.

Game seed: 7381810726758533428

141 misha the Poker (level 5, -13/38 HPs)
             Began as a Merfolk Gladiator on Feb 23, 2019.
             Was a Follower of Uskayaw.
             Killed by the meddling of Cheibriados (51 damage)
             ... on level 2 of the Dungeon.
             The game lasted 00:07:41 (2670 turns).

misha the Poker (Merfolk Gladiator)                 Turns: 2670, Time: 00:07:41

Health: -13/38     AC:  5    Str: 15    XL:     5   Next: 24%
Magic:  5/5        EV: 14    Int:  7    God:    Uskayaw [*.....]
Gold:   166        SH:  0    Dex: 16    Spells: 4/4 levels left

rFire    . . .     SeeInvis .   b - +0 short sword (speed)
rCold    . . .     Gourm    .   (no shield)
rNeg     . . .     Faith    .   e - +0 leather armour
rPois    .         Spirit   .   c - +0 helmet
rElec    .         Reflect  .   (no cloak)
rCorr    .         Harm     .   t - +0 pair of gloves
MR       .....                  (no boots)
Stlth    +.........             (no amulet)
HPRegen  0.12/turn              (no ring)
MPRegen  0.09/turn              (no ring)

@: very slow
A: change form in water, swift swim, stealthy swim
a: Stomp, Renounce Religion


You were on level 2 of the Dungeon.
You worshipped Uskayaw.
Uskayaw was noncommittal.
You were not hungry.

You visited 1 branch of the dungeon, and saw 2 of its levels.

You collected 166 gold pieces.

Inventory:

Hand Weapons
 a - a +0 trident
 b - a +0 short sword of speed (weapon)
Missiles
 d - 3 throwing nets (quivered)
 g - 56 stones
 h - 15 arrows
 i - 33 bolts
Armour
 c - a +0 helmet (worn)
 e - a +0 leather armour (worn)
 t - a +0 pair of gloves (worn)
Jewellery
 j - an uncursed ring of positive energy {unknown}
Scrolls
 k - a scroll of magic mapping {unknown}
 m - 2 scrolls of teleportation {unknown}
 n - 3 scrolls of identify {unknown}
 o - a scroll of enchant armour {unknown}
 q - a scroll of amnesia
 s - a scroll of remove curse {unknown}
Potions
 l - a potion of heal wounds {unknown}
 p - a potion of might
 r - a potion of agility {unknown}
Comestibles
 f - 4 rations


   Skills:
 - Level 2.2 Fighting
 * Level 4.2 Short Blades
 + Level 6.1 Polearms
 - Level 2.0 Throwing
 - Level 4.1 Dodging


You had 4 spell levels left.
You didn't know any spells.
Your spell library contained the following spells:

 Spells                   Type           Power        Failure   Level  Hunger
 Animate Skeleton         Necr           N/A          50%         1    ##.....
 Apportation              Tloc           #.....       50%         1    ##.....
 Confusing Touch          Hex            #.....       50%         1    ##.....
 Summon Small Mammal      Summ           #...         50%         1    ##.....


Dungeon Overview and Level Annotations

Branches:
Dungeon (2/15)

Altars:
Cheibriados
Makhleb
Uskayaw
Xom


Message History

Found a scroll labeled LUOCRI UWEW.
The bat hits you but does no damage.
A bat is nearby!
A bat is nearby!
The bat barely misses you. The bat hits you but does no damage. x2
The bat hits you but does no damage. The bat hits you but does no damage.
You hit the bat.
You kill the bat!
No target in view!
No target in view!
You now have 166 gold pieces (gained 9).
m - 2 scrolls labeled JUYSAPTIT QEPT (gained 1)
n - 3 scrolls labeled PIHUSHRI FEJI (gained 1) Time shudders.
There is a sudden explosion of magical energy!
The explosion engulfs you!!!
Ouch! That really hurt!
You die...

#...# #.#
#######'#+####
#.......#
####....†..#
#..........#####
###............#
#............#
##...........#
#...@)..#####
#.......#
#...?...#
#.......#
#.......#
#########


There were no monsters in sight!

Vanquished Creatures
  4 gnolls (D:2)
  3 adders (D:2)
  An ooze (D:2)
  3 dart slugs (D:1)
  A leopard gecko (D:1)
  2 giant cockroaches (D:2)
  7 goblins
  6 hobgoblins
  7 jackals (D:2)
  4 quokkas (D:2)
  2 ball pythons
  7 bats
  2 frilled lizards
  6 kobolds
  9 rats
64 creatures vanquished.

Notes
Turn   | Place    | Note
-------+----------+-------------------------------------------
     0 | D:1      | misha the Merfolk Gladiator began the quest for the Orb.
     0 | D:1      | Reached XP level 1. HP: 16/16 MP: 1/1
    77 | D:1      | Reached XP level 2. HP: 22/22 MP: 2/2
    91 | D:1      | Reached skill level 5 in Polearms
   138 | D:1      | Reached skill level 1 in Short Blades
   430 | D:1      | Reached XP level 3. HP: 27/27 MP: 3/3
  1452 | D:2      | Found a faded altar of an unknown god.
  1466 | D:2      | Reached XP level 4. HP: 24/33 MP: 4/4
  1909 | D:2      | Found a burning altar of Makhleb.
  1950 | D:2      | Became a worshipper of Cheibriados the Contemplative
  1950 | D:2      | Reached * piety under Cheibriados
  2089 | D:2      | Reached skill level 6 in Polearms
  2089 | D:2      | Reached XP level 5. HP: 21/38 MP: 5/5
  2532 | D:2      | Found a shimmering altar of Xom.
  2532 | D:2      | Found a hide-covered altar of Uskayaw.
  2536 | D:2      | Fell from the grace of Cheibriados
  2536 | D:2      | Became a worshipper of Uskayaw the Reveler
  2560 | D:2      | Reached * piety under Uskayaw
  2670 | D:2      | Killed by the meddling of Cheibriados

Skill      XL: |  1  2  3  4  5 |
---------------+----------------+-----
Polearms       | 5 6 |  6.1
Short Blades   | 1 2 3 4 |  4.2
Fighting       | |  2.2
Throwing       | |  2.0
Dodging        | |  4.1

Action                   |  1- 3 |  4- 6 || total
-------------------------+-------+-------++-------
Melee: Trident           |    52 |    80 ||   132
       Short sword       |    59 |    15 ||    74
       Tailslap          |     3 |       ||     3
Invok: Bend Time         |       |     1 ||     1
  Use: Scroll            |       |     1 ||     1
 Stab: Sleeping          |     1 |     1 ||     2
  Eat: Chunk             |     1 |       ||     1
       Ration            |       |     1 ||     1
Armor: Leather armour    |    25 |    18 ||    43
Dodge: Dodged            |    87 |    74 ||   161
